 Dungeon Sprint DCSS version 0.27.0-66-gdc8fb28755 (webtiles) character file.

Game seed: 3739005257715027570

2034 styxcanada the Imperceptible (level 9, -2/48 HPs)
             Began as a Spriggan Brigand on Aug 19, 2021.
             Was an Initiate of Gozag.
             Killed from afar by a burning bush (10 damage)
             ... with a puff of flame
             ... in the Dungeon (Sprint IV: "Fedhas' Mad Dash").
             The game lasted 00:06:14 (891 turns).

styxcanada the Imperceptible (Spriggan Brigand)      Turns: 891, Time: 00:06:15

Health: -2/48      AC:  3    Str:  7    XL:     9   Next: 3%
Magic:  9/10       EV: 23    Int: 12    God:    Gozag
Gold:   743        SH:  7    Dex: 20    Spells: 8/8 levels left

rFire    . . .     SeeInvis +   s - +0 short sword (venom)
rCold    . . .     Faith    .   d - +0 buckler
rNeg     . . .     Spirit   .   b - +0 robe
rPois    .         Reflect  .   (helmet restricted)
rElec    .         Harm     .   c - +0 cloak
rCorr    .         Rampage  .   (gloves unavailable)
Will     +....     NoTele   +   (boots unavailable)
Stlth    ++++++++..             m - amulet of invisibility {+Inv}
HPRegen  0.16/turn              (no ring)
MPRegen  0.12/turn              (no ring)

@: very slightly contaminated, invisible, very quick
A: very small, no large weapons, unfitting armour, see invisible, speed 3
a: Renounce Religion, Evoke Invisibility, Potion Petition, Call Merchant, Bribe
Branch


You were in the Dungeon.
You worshipped Gozag.
Gozag was pleased with you.
You visited 1 branch You collected 1295 gold pieces.
You spent 552 gold pieces at shops.

Inventory:

Hand Weapons
 a - a +2 dagger
 s - a +0 short sword of venom (weapon)
Missiles
 e - 2 curare-tipped darts
 n - 7 poisoned darts (quivered)
 o - 10 stones
Armour
 b - a +0 robe (worn)
 c - a +0 cloak (worn)
 d - a +0 buckler (worn)
 q - a scarf of harm
 r - a scarf of repulsion
Jewellery
 m - the amulet of invisibility (around neck) {+Inv}
   (You found it in the Dungeon)

   [amulet of nothing]

   +Inv:      It lets you turn invisible.
Scrolls
 k - a scroll of blinking
 l - a scroll of identify
Potions
 f - 2 potions of curing
 h - a potion of haste
 i - 2 potions of magic
 p - 2 potions of might


   Skills:
 * Level 5.8 Fighting
 + Level 4.9 Short Blades
 + Level 4.7 Throwing
 * Level 8.7 Dodging
 * Level 21.1 Stealth
 * Level 3.9 Shields
 * Level 8.6 Evocations


You had 8 spell levels left.
You didn't know any spells.
Your spell library contained the following spells:

 Spells                   Type           Power      Damage    Failure   Level
 Summon Forest            Summ/Tloc      0%         N/A       100%        5
 Eringya's Noxious Bog    Tmut/Pois      0%         N/A       100%        6
 Summon Hydra             Summ           0%         N/A       100%        7


Dungeon Overview and Level Annotations

Branches:
Dungeon (1/1)

Altars:
Cheibriados
Dithmenos
Elyvilon
Gozag
Hepliaklqana
Kikubaaqudgha
Makhleb
Nemelex Xobeh
Okawaru
Qazlal
Ru
Sif Muna
Trog
Uskayaw
Vehumet
Wu Jian
Xom
Yredelemnul
Zin
The Shining One
Beogh
Jiyva
Lugonu

Shops:
D **[!

Annotations:
D exclusions: oklob plant and oklob sapling


Innate Abilities, Weirdness & Mutations

You are very small and have problems with some larger weapons.
You are too small for most types of armour.
You have supernaturally acute eyesight. (SInv)
You cover ground extremely quickly. (Speed+++)


Message History

As you open the door, it creaks loudly!
An oklob sapling, an oklob plant and a burning bush come into view.
Marking area around an oklob sapling and an oklob plant as unsafe for travelling.
A wandering mushroom comes into view.
Found a glowing ring mail.
There is an open door here.
You hit the burning bush but do no damage.
You hit the burning bush but do no damage.
You hit the burning bush but do no damage.
The burning bush throws fire at you. The puff of flame hits you!
You hit the burning bush.
The burning bush is lightly damaged.
The burning bush throws fire at you. The puff of flame hits you!
You hit the burning bush but do no damage.
The burning bush is lightly damaged.
You hit the burning bush.
The burning bush is lightly damaged.
You hit the burning bush but do no damage.
The burning bush is lightly damaged.
The burning bush throws fire at you. The puff of flame misses you.
You hit the burning bush but do no damage.
The burning bush is lightly damaged.
You hit the burning bush.
The burning bush is lightly damaged.
You hit the burning bush.
The burning bush is moderately damaged.
You hit the burning bush.
The burning bush is moderately damaged.
The burning bush throws fire at you. The puff of flame hits you!
* * * LOW HITPOINT WARNING * * *
You hit the burning bush but do no damage.
The burning bush is moderately damaged.
The burning bush throws fire at you. The puff of flame hits you!
You die...
Your body crumbles into a pile of gold.

#<..P#.....#..)..#.⌠)_._.
#PP..'..÷..'.#...'.._._._
#PPPP#...÷.#.#...#..._._.
###############'##.._._._
#...♣........'...#._._._.
#......♣.....#...########
#.....♣..♣..######
##'####'######P[
#).#....@......f
#..#.)###P...P.. $
####### #######


You could see an oklob plant (dormant), a wandering mushroom (dormant), a
burning bush and an oklob sapling (dormant).

Vanquished Creatures
  An oklob plant (D)
  2 burning bushes (D)
  2 wandering mushrooms (D)
  A queen bee (D)
  3 scorpions (D)
  4 killer bees (D)
  4 oklob saplings (D)
  2 spriggans (D)
  A river rat (D)
  A rat (D)
21 creatures vanquished.

Notes
Turn   | Place    | Note
-------+----------+-------------------------------------------
     0 | D        | styxcanada the Spriggan Brigand began the quest for the
                  | Orb.
     0 | D        | Reached XP level 1. HP: 10/10 MP: 2/2
     9 | D        | Reached skill level 8 in Stealth
     9 | D        | Reached XP level 2. HP: 15/15 MP: 3/3
    16 | D        | Noticed an oklob sapling
    18 | D        | Killed an oklob sapling
    19 | D        | Reached skill level 10 in Stealth
    19 | D        | Reached XP level 3. HP: 18/18 MP: 4/4
    20 | D        | Found the amulet of invisibility {+Inv}
    20 | D        | Noticed a scorpion
    22 | D        | Killed a scorpion
    23 | D        | Reached skill level 12 in Stealth
    23 | D        | Reached XP level 4. HP: 23/23 MP: 5/5
    44 | D        | Found an opulent altar of Gozag.
    44 | D        | Found a hazy altar of Hepliaklqana.
    44 | D        | Found a burning altar of Makhleb.
    44 | D        | Found a sparkling altar of Nemelex Xobeh.
    44 | D        | Found a snail-covered altar of Cheibriados.
    44 | D        | Found a sacrificial altar of Ru.
    44 | D        | Found a shimmering blue altar of Sif Muna.
    44 | D        | Found a shimmering altar of Xom.
    44 | D        | Found a basalt altar of Yredelemnul.
    45 | D        | Found a viscous altar of Jiyva.
    45 | D        | Found a bloodstained altar of Trog.
    45 | D        | Found an ornate altar of the Wu Jian Council.
    46 | D        | Found an iron altar of Okawaru.
    46 | D        | Found a shadowy altar of Dithmenos.
    46 | D        | Found a glowing silver altar of Zin.
    47 | D        | Found an ancient bone altar of Kikubaaqudgha.
    47 | D        | Found a hide-covered altar of Uskayaw.
    48 | D        | Found a stormy altar of Qazlal.
    48 | D        | Found a white marble altar of Elyvilon.
    48 | D        | Found a glowing golden altar of the Shining One.
    49 | D        | Became a worshipper of Gozag Ym Sagoz the Greedy
    50 | D        | Found a corrupted altar of Lugonu.
    50 | D        | Found a radiant altar of Vehumet.
    56 | D        | Reached skill level 13 in Stealth
    56 | D        | Reached skill level 1 in Evocations
    56 | D        | Reached XP level 5. HP: 28/28 MP: 3/6
   100 | D        | Reached skill level 14 in Stealth
   131 | D        | Reached skill level 5 in Dodging
   169 | D        | Reached skill level 15 in Stealth
   169 | D        | Reached XP level 6. HP: 11/33 MP: 7/7
   427 | D        | Found Mucail's General Store.
   427 | D        | Found Zisyary's General Store.
   433 | D        | Bought a potion of might for 40 gold pieces
   439 | D        | Noticed a burning bush
   439 | D        | Noticed a wandering mushroom
   440 | D        | Noticed a wandering mushroom
   443 | D        | Killed a burning bush
   444 | D        | Reached skill level 17 in Stealth
   444 | D        | Reached skill level 1 in Shields
   444 | D        | Reached skill level 5 in Evocations
   444 | D        | Killed a wandering mushroom
   445 | D        | Reached skill level 18 in Stealth
   445 | D        | Reached XP level 7. HP: 38/38 MP: 5/8
   445 | D        | Killed a wandering mushroom
   446 | D        | Reached skill level 5 in Fighting
   446 | D        | Reached skill level 19 in Stealth
   448 | D        | Reached XP level 8. HP: 43/43 MP: 5/9
   459 | D        | Found Imoekhif's Distillery.
   459 | D        | Found Vuhaw's Antique Armour Shoppe.
   466 | D        | Bought an embroidered scarf for 232 gold pieces
   466 | D        | Bought a glowing scarf for 232 gold pieces
   468 | D        | Bought a potion of degeneration for 12 gold pieces
   468 | D        | Bought a potion of curing for 36 gold pieces
   519 | D        | Noticed a queen bee
   526 | D        | Killed a queen bee
   531 | D        | Reached skill level 20 in Stealth
   574 | D        | Noticed an oklob plant
   577 | D        | Killed an oklob plant
   600 | D        | Noticed a burning bush
   621 | D        | Killed a burning bush
   622 | D        | Reached skill level 21 in Stealth
   622 | D        | Reached XP level 9. HP: 8/48 MP: 10/10
   878 | D        | Noticed a burning bush
   878 | D        | Noticed an oklob plant
   879 | D        | Noticed a wandering mushroom
   891 | D        | Killed from afar by a burning bush

Illustrated notes

Levels and vault maps discovered:
D:        dungeon_sprint_fedhas [sprint_temple]

Skill      XL: |  1  2  3  4  5  6  7  8 |
---------------+-------------------------+-----
Dodging        | 2 3 4 5 7 8 |  8.7
Stealth        | 8 10 12 13 15 18 19 21 | 21.1
Fighting       | 2 3 4 5 |  5.8
Short Blades   | 3 4 |  4.9
Evocations     | 1 3 5 6 8 |  8.6
Throwing       | 3 4 |  4.7
Shields        | 2 3 |  3.9

Action                   |  1- 3 |  4- 6 |  7- 9 || total
-------------------------+-------+-------+-------++-------
Melee: Dagger            |     4 |     5 |     9 ||    18
       Short sword       |       |       |    29 ||    29
Throw: Dart              |       |     9 |       ||     9
 Abil: Evoke Invisibilit |       |     3 |     3 ||     6
  Use: Scroll            |       |     1 |       ||     1
       Potion            |       |       |     2 ||     2
 Stab: Sleeping          |     3 |     4 |     9 ||    16
Dodge: Dodged            |     2 |     3 |     2 ||     7
